 Dungeon Crawl Stone Soup version 0.22-a0-292-g0df9d5f (webtiles) character file.

4267 nikopol the Thaumaturge (level 10, -5/51 HPs)
             Began as a Deep Elf Fire Elementalist on Mar 23, 2018.
             Was an Elder of Sif Muna.
             Shot with an arrow by a centaur warrior (20 damage)
             ... on level 8 of the Dungeon.
             The game lasted 00:31:50 (8749 turns).

nikopol the Thaumaturge (DEFE)                      Turns: 8749, Time: 00:31:51

Health: -5/51      AC:  4    Str:  5    XL:     10   Next: 10%
Magic:  3/26       EV: 14    Int: 24    God:    Sif Muna [****..]
Gold:   323        SH:  0    Dex: 15    Spells: 15/30 levels left

rFire    + . .     SeeInvis .   u - staff of fire
rCold    . . .     Gourm    .   (no shield)
rNeg     . . .     Faith    .   a - +0 robe
rPois    .         Spirit   .   x - +0 helmet
rElec    .         Reflect  .   (no cloak)
rCorr    +         Harm     .   y - +0 pair of gloves
MR       +....                  (no boots)
Stlth    +++.......             (no amulet)
HPRegen  0.17/turn              p - ring of wizardry
MPRegen  0.20/turn              z - ring of resist corrosion

@: about to teleport
A: no striking features
a: Divine Energy, Channel Magic, Forget Spell, Renounce Religion


You were on level 8 of the Dungeon.
You worshipped Sif Muna.
Sif Muna was greatly pleased with you.
You were not hungry.

You visited 1 branch of the dungeon, and saw 8 of its levels.

You collected 323 gold pieces.

Inventory:

Armour
 a - a +0 robe (worn)
 x - a +0 helmet (worn)
 y - a +0 pair of gloves (worn)
Magical Staves
 u - an uncursed staff of fire (weapon)
Jewellery
 p - a ring of wizardry (left hand)
 z - a ring of resist corrosion (right hand)
Wands
 q - a wand of iceblast (4)
 w - a wand of digging (13)
 A - a wand of paralysis (13)
 B - a wand of flame (24)
Scrolls
 b - 12 scrolls of identify
 h - 2 scrolls of immolation
 m - a scroll of enchant armour {unknown}
 n - a scroll of random uselessness {unknown}
 o - a scroll of amnesia
 r - a scroll of enchant weapon
 t - a scroll of remove curse {unknown}
 v - a scroll of magic mapping {unknown}
Potions
 d - a potion of cancellation {unknown}
 e - 5 potions of lignification
 f - 8 potions of curing
 g - 4 potions of agility
 i - a potion of heal wounds {unknown}
 j - 3 potions of degeneration
 k - 4 potions of mutation
 s - 3 potions of haste
 D - a potion of might {unknown}
Comestibles
 c - 20 rations


   Skills:
 + Level 0.6 Fighting
 + Level 3.6 Dodging
 + Level 5.2 Stealth
 + Level 10.8 Spellcasting
 + Level 9.0 Conjurations
 + Level 9.3 Fire Magic
 + Level 0.4 Evocations


You had 15 spell levels left.
You knew the following spells:

 Your Spells              Type           Power        Failure   Level  Hunger
a - Flame Tongue          Conj/Fire      #####        1%          1    None
b - Throw Flame           Conj/Fire      ######       1%          2    None
c - Conjure Flame         Conj/Fire      ######..     1%          3    None
d - Sticky Flame          Conj/Fire      ######..     1%          4    None
e - Fireball              Conj/Fire      ######....   1%          5    ####...


Dungeon Overview and Level Annotations

Branches:
Dungeon (8/15)             Temple (0/1) D:7
   Lair: D:8-11

Altars:
Cheibriados
Dithmenos
Ru
Sif Muna
Yredelemnul
The Shining One

Shops:
D:4 (   D:5 [


Message History

As you read the scroll of identify, it crumbles to dust.
e - 5 potions of lignification
As you read the scroll of identify, it crumbles to dust.
s - 3 potions of haste The centaur warrior is no longer petrified.
The centaur warrior unwields an uncursed whip.
The centaur warrior wields a shortbow.
The centaur warrior shoots an arrow.
The arrow hits you!!
Okay, then.
Okay, then.
The centaur warrior shoots an arrow.
The arrow hits you!!
* * * LOW HITPOINT WARNING * * *
You see here an arrow.
It was a potion of curing.
You feel better.
The centaur warrior shoots an arrow.
The arrow completely misses you.
As you read the scroll labeled OJOROYSM DAOFE, it crumbles to dust.
You feel strangely unstable.
It was a scroll of teleportation.
The centaur warrior shoots an arrow.
The arrow barely misses you.
The centaur warrior shoots an arrow.
The arrow hits you!!
You die...

### ### ### ### #
###8###8###8###8###
+(@(§c............'
###8###8#'#8###8###
### ###o### #####
..o ###. ...z. .'.
h..Z).Y .8##.
....).......'.
..c..⌠.......#.
...'.


You could see a centaur warrior (inner flame).

Vanquished Creatures
  2 hippogriffs
  Sigmund (D:2)
  A basilisk (D:8)
  Menkaure (D:4)
  A hungry ghost (D:8)
  Duvessa (D:4)
  5 orc warriors
  An ice beast (D:8)
  A sky beast (D:7)
  6 ogres
  A black bear (D:8)
  A necrophage (D:6)
  A centaur (D:8)
  3 bullfrogs
  A wyvern zombie (D:7)
  Dowan (D:4)
  A scorpion (D:7)
  A wight (D:8)
  4 howler monkeys
  3 crimson imps
  A bullfrog zombie (D:5)
  4 orc priests
  A jelly (D:8)
  5 hounds
  7 orc wizards
  A bullfrog skeleton (D:6)
  2 iguanas
  Jessica (D:2)
  Ijyb (D:3)
  Terence (D:2)
  7 worker ants
  A hound skeleton (D:5)
  4 gnolls
  16 adders
  A shadow imp (D:5)
  4 oozes
  An adder skeleton (D:7)
  2 dart slugs
  4 leopard geckos
  22 orcs
  3 giant cockroaches
  4 goblins
  6 hobgoblins
  7 jackals
  5 kobolds
  2 quokkas
  9 bats
  12 frilled lizards
  A jackal skeleton (D:7)
  A leopard gecko skeleton (D:4)
  7 rats
  A spectral orc (D:2)
181 creatures vanquished.

Notes
Turn   | Place    | Note
-------+----------+-------------------------------------------
     0 | D:1      | nikopol the Deep Elf Fire Elementalist began the quest for the Orb.
     0 | D:1      | Reached XP level 1. HP: 10/10 MP: 6/6
   357 | D:1      | Reached XP level 2. HP: 7/15 MP: 2/8
  1555 | D:2      | Reached XP level 3. HP: 19/19 MP: 6/10
  1559 | D:2      | Learned a level 2 spell: Throw Flame
  1563 | D:2      | Learned a level 3 spell: Conjure Flame
  2029 | D:2      | Noticed Jessica
  2038 | D:2      | Killed Jessica
  2038 | D:2      | Reached XP level 4. HP: 24/24 MP: 3/11
  2158 | D:2      | Noticed Terence
  2190 | D:2      | Killed Terence
  2250 | D:2      | Learned a level 4 spell: Sticky Flame
  2255 | D:2      | Noticed Sigmund
  2273 | D:2      | Killed Sigmund
  2273 | D:2      | Reached skill level 4 in Spellcasting
  2273 | D:2      | Reached skill level 5 in Fire Magic
  2273 | D:2      | Reached XP level 5. HP: 11/28 MP: 0/13
  2273 | D:2      | Reached XP level 6. HP: 13/32 MP: 0/14
  2520 | D:2      | Found a sacrificial altar of Ru.
  2695 | D:2      | Found a basalt altar of Yredelemnul.
  2728 | D:3      | Found a deep blue altar of Sif Muna.
  2879 | D:3      | Noticed Ijyb
  2999 | D:3      | Killed Ijyb
  3004 | D:3      | Became a worshipper of Sif Muna the Loreminder
  3105 | D:3      | Reached skill level 5 in Spellcasting
  3599 | D:4      | Noticed Duvessa
  3601 | D:4      | Noticed Dowan
  3605 | D:4      | Killed Duvessa
  3605 | D:4      | Reached skill level 5 in Conjurations
  3605 | D:4      | Reached XP level 7. HP: 36/36 MP: 5/17
  3610 | D:4      | Killed Dowan
  3626 | D:4      | Reached * piety under Sif Muna
  3730 | D:4      | Found Exze's Antique Weapon Emporium.
  3794 | D:4      | Reached skill level 6 in Spellcasting
  3842 | D:4      | Noticed Menkaure
  3848 | D:4      | Killed Menkaure
  4078 | D:4      | Found a glowing golden altar of the Shining One.
  4162 | D:4      | Found a snail-covered altar of Cheibriados.
  4215 | D:4      | Found a shadowy altar of Dithmenos.
  4327 | D:5      | Entered Level 5 of the Dungeon
  4586 | D:5      | Learned a level 5 spell: Fireball
  4592 | D:5      | Reached XP level 8. HP: 41/41 MP: 11/20
  4757 | D:5      | Reached skill level 7 in Spellcasting
  4795 | D:5      | Found Zudaong's Antique Armour Shop.
  5050 | D:5      | Reached ** piety under Sif Muna
  5659 | D:6      | Reached skill level 8 in Spellcasting
  6527 | D:7      | Reached *** piety under Sif Muna
  6527 | D:7      | Reached skill level 9 in Spellcasting
  6527 | D:7      | Reached XP level 9. HP: 46/46 MP: 13/24
  6753 | D:7      | You fall through a shaft!
  6994 | D:7      | Found a staircase to the Ecumenical Temple.
  7773 | D:7      | Reached **** piety under Sif Muna
  7773 | D:7      | Reached skill level 10 in Spellcasting
  8486 | D:8      | Reached XP level 10. HP: 51/51 MP: 7/26
  8489 | D:8      | Reached skill level 5 in Stealth
  8705 | D:8      | Noticed a catoblepas
  8730 | D:8      | Noticed a centaur warrior
  8749 | D:8      | Shot with an arrow by a centaur warrior

Vault maps used:
D:1:      dpeg_arrival_castle, serial_forest, infiniplex_forest_end_3,
          infiniplex_forest_split, infiniplex_forest_clump_double,
          infiniplex_forest_lined_4_way, infiniplex_forest_zigzag_1,
          infiniplex_forest_3_way, infiniplex_forest_lined_room_3,
          infiniplex_forest_lined_2
D:2:      yredelemnul_forgotten_temple_becter, nicolae_ru_the_path_less_chosen,
          minmay_lizard_pond, uniq_sigmund, uniq_jessica, uniq_terence
D:3:      lemuel_crystal_altar, minmay_stone_trees_small, uniq_ijyb
D:4:      tso_altar, grunt_dithmenos_smoke_and_mirrors, marbit_many_paths,
          serial_shops, nicolae_shop_temple_entry_statues_fountains,
          first_ration, uniq_duvessa, uniq_menkaure
D:5:      serial_shops, nicolae_shop_behind_doors, lemuel_old_faithful
D:7:      temple_hall, serial_glass, glass_columns_b, glass_columns_c,
          glass_columns_a, glass_columns_b, glass_columns_a, glass_columns_a,
          grunt_ogre_cave
D:8:      wad_statue_garden, kennysheep_mini_moat

Skill      XL: |  1  2  3  4  5  6  7  8  9 10 |
---------------+-------------------------------+-----
Fire Magic     | 4 5 6 7 9 |  9.3
Conjurations   | 2 4 5 7 8 9 |  9.0
Stealth        | 3 4 5 |  5.2
Spellcasting   | 4 5 6 9 10 | 10.8
Dodging        | 3 |  3.6
Fighting       | |  0.6
Evocations     | |  0.4

Action                   |  1- 3 |  4- 6 |  7- 9 | 10-12 || total
-------------------------+-------+-------+-------+-------++-------
 Cast: Flame Tongue      |    45 |    76 |   217 |     7 ||   345
       Throw Flame       |     7 |     2 |    42 |     2 ||    53
       Conjure Flame     |       |     2 |     5 |     2 ||     9
       Sticky Flame      |       |     5 |    20 |     2 ||    27
       Fireball          |       |       |     6 |     4 ||    10
Evoke: Wand              |       |       |     4 |       ||     4
  Use: Scroll            |       |       |       |     8 ||     8
       Potion            |       |       |       |     1 ||     1
  Eat: Chunk             |     3 |     6 |    17 |     1 ||    27
Armor: Robe              |     2 |     2 |     5 |       ||     9
Dodge: Dodged            |    11 |    18 |    27 |     2 ||    58

Table legend:
 A = Spawn XP
 B = Non-spawn XP
 C = Spawn XP percentage of total XP
 D = Spawn monster count
 E = Non-spawn monster count
 F = Spawn count percentage of total count
 G = Total turns spent on level
                    A         B        C        D         E        F      G
               +---------+---------+-------+---------+---------+-------+---------
         Total |       0 |    6097 |   0.0 |       0 |     181 |   0.0 |  8749
               +---------+---------+-------+---------+---------+-------+---------
           D:1 |       0 |      40 |   0.0 |       0 |      13 |   0.0 |  1635
           D:2 |       0 |     461 |   0.0 |       0 |      33 |   0.0 |  1325
           D:3 |       0 |     190 |   0.0 |       0 |      25 |   0.0 |   639
           D:4 |       0 |     636 |   0.0 |       0 |      18 |   0.0 |   728
           D:5 |       0 |     624 |   0.0 |       0 |      20 |   0.0 |  1303
           D:6 |       0 |     743 |   0.0 |       0 |      17 |   0.0 |   785
           D:7 |       0 |    1389 |   0.0 |       0 |      26 |   0.0 |  1575
           D:8 |       0 |    2014 |   0.0 |       0 |      29 |   0.0 |   759
               +---------+---------+-------+---------+---------+-------+---------
